 Dungeon Crawl Stone Soup version 0.32-a0-35-gd9ff480968 (webtiles) character file.

Game seed: 17726437104195223503

1323 PriceMaster the Shooter (level 8, -9/51 HPs)
             Began as an Octopode Conjurer on Jan 23, 2024.
             Was a Believer of Kikubaaqudgha.
             Mangled by a yak (17 damage)
             ... on level 6 of the Dungeon.
             The game lasted 00:07:59 (3561 turns).

PriceMaster the Shooter (Octopode Conjurer)         Turns: 3561, Time: 00:08:00

Health: -9/51      AC:  1    Str:  7    XL:     8   Next: 59%
Magic:  7/12       EV: 13    Int: 22    God:    Kikubaaqudgha [**....]
Gold:   174        SH:  0    Dex: 10    Spells: 10/13 levels left

rFire   + . .        f - +11 sling of Greed {elec, ^Fragile rF+ rN+++ rCorr}
rCold   . . .        (no shield)
rNeg    + + +        (helmet restricted)
rPois   .            (no amulet)
rElec   .            (no ring)
rCorr   +            (no ring)
SInv    .            (no ring)
Will    .....        (no ring)
Stlth   +++          (no ring)
HPRegen 0.28/turn    (no ring)
MPRegen 0.13/turn    (no ring)
                     (no ring)

%: no passive effects
@: no status effects
A: almost no armour, amphibious, 8 rings, camouflage 1, gelatinous body 1,
(nimble swimmer 1), tentacles
a: Renounce Religion, Unearth Wretches


You were on level 6 of the Dungeon.
You worshipped Kikubaaqudgha.
Kikubaaqudgha was pleased with you.
You visited 1 branch of the dungeon, and saw 6 of its levels.

You collected 174 gold pieces.

Inventory:

Hand Weapons
 c - a +0 spear
 f - the +11 sling of Greed (weapon) {elec, ^Fragile rF+ rN+++ rCorr}
   (You found it on level 2 of the Dungeon)

   rF+:       It protects you from fire.
   rN+++:     It renders you almost immune to negative energy.
   rCorr:     It protects you from acid and corrosion.
   ^Fragile:  It will be destroyed if unequipped.
Talismans
 l - a talisman of death
Wands
 n - a wand of digging (3)
Scrolls
 d - a scroll of revelation {unknown}
 e - 2 scrolls of identify
 g - a scroll of blinking {unknown}
 i - a scroll of enchant weapon {unknown}
 j - 2 scrolls of fog {unknown}
 p - 2 scrolls of teleportation {unknown}
 r - a scroll of enchant armour {unknown}
Potions
 a - a potion of magic
 b - a potion of enlightenment
 h - a potion of cancellation {unknown}
 o - 2 potions of degeneration
 q - a potion of might {unknown}
 s - a potion of mutation {unknown}
 t - a potion of lignification {unknown}


   Skills:
 + Level 2.9 Fighting
 + Level 7.1 Ranged Weapons
 + Level 2.9 Dodging
 + Level 3.4 Stealth
 - Level 0.1 Unarmed Combat
 + Level 3.0 Spellcasting
 * Level 6.6 Conjurations


You had 10 spell levels left.
You knew the following spells:

 Your Spells              Type           Power      Damage    Failure   Level
a - Magic Dart            Conj           100%       1d8       1%          1
b - Searing Ray           Conj           64%        2d6       1%          2

Your spell library contained the following spells:

 Spells                   Type           Power      Damage    Failure   Level
 Kiss of Death            Conj/Necr      68%        2d10      3%          1
 Cigotuvi's Dreadful Rot  Necr/Alch/Air  6%         N/A       19%         2
 Fulminant Prism          Conj/Alch      8%         3d6       32%         4
 Iskenderun's Mystic Bla  Conj/Tloc      17%        2d5       32%         4
 Fugue of the Fallen      Necr           3%         N/A       36%         3
 Vampiric Draining        Necr           3%         2d6       36%         3


Dungeon Overview and Level Annotations

Branches:
Dungeon (6/15)
 Temple: D:4-7

Altars:
Kikubaaqudgha

Shops:
D:4 [


Innate Abilities, Weirdness & Mutations

You cannot wear most types of armour.
You are amphibious.
You can wear up to eight rings at the same time.
Your skin changes colour to match your surroundings (Stealth+).
Your rubbery body absorbs attacks. (AC +1, EV +1)
((You are camouflaged when in or above water. (Stealth+)))
You have tentacles for arms and can constrict up to eight enemies at once.


Message History

Casting: Magic Dart (safe; 1% risk of failure)
Confirm with . or Enter, or press ? or * to list all spells.
Aiming: Searing Ray (safe; 1% risk of failure)
Press: ? - help, Shift-Dir - straight line, f/p - yak
Aim: a yak (almost dead, 87% to hit)
The searing ray hits the yak.
You kill the yak!
Kikubaaqudgha accepts your kill. (Press . to maintain the ray.)
The yak misses you.
Your Ranged Weapons skill increases to level 7!
Your Spellcasting skill increases to level 3!
Okay, then.
It was a potion of curing.
You feel better. The yak gores you!
You are too injured to fight recklessly!
Fire: f) +11 sling of Greed {elec, ^Fragile rF+ rN+++ rCorr}
Press: ? - help, Shift-Dir - straight line, f - yak
Aim: a yak (78% to hit)
You shoot a sling bullet. The sling bullet hits the yak.
The yak is lightly wounded.
The yak gores you!
* * * LOW HITPOINT WARNING * * *
You feel better. The yak gores you!
* * * LOW HITPOINT WARNING * * *
Okay, then.
As you read the scroll labelled UVANO DIMEEM, it crumbles to dust.
It is a scroll of identify.
o - 2 potions of degeneration The yak closely misses you.
Casting: Searing Ray (safe; 1% risk of failure)
Confirm with . or Enter, or press ? or * to list all spells.
Aiming: Searing Ray (safe; 1% risk of failure)
Press: ? - help, Shift-Dir - straight line, f/p - yak
Aim: a yak (lightly wounded, 88% to hit)
The searing ray hits the yak.
The yak is moderately wounded. (Press . to maintain the ray.)
The yak gores you!
You die...
Kikubaaqudgha rasps: "You have failed me!
Welcome... death!"

## Y# .#####.# Y# .......#
#♣ ♣.# .####..# .♣♣♣♣♣♣ ..#
.#.##..# ..##.# Y=#
....#..### #.##.# ..#
.........# ##.##†####..###.#
....#..#.###....@Y.(.......#
.#.##.....##..########.#####
.#.##.......#.# #
......#...##).####
....####.....#...#
.....########.##.#####
......# #.##.....# .....##
####.######.# #...## #....#
#.#


You could see a yak.

Vanquished Creatures
  3 yaks (D:6)
  2 ice beasts (D:5)
  An ogre (D:5)
  A centaur (D:5)
  A scorpion (D:5)
  A bombardier beetle (D:3)
  2 orc priests
  4 hounds
  A jelly (D:5)
  An orc wizard (D:6)
  An iguana (D:5)
  A sleepcap (D:5)
  4 gnolls (D:5)
  5 adders
  3 dart slugs
  12 orcs
  4 ball pythons
  4 bats
  6 endoplasms
  3 giant cockroaches
  9 goblins
  3 hobgoblins
  4 jackals (D:3)
  3 quokkas
  4 frilled lizards
  4 kobolds
  4 rats
91 creatures vanquished.

Vanquished Creatures (others)
  An endoplasm (D:2)
1 creature vanquished.

Grand Total: 92 creatures vanquished

Notes
Turn   | Place    | Note
-------+----------+-------------------------------------------
     0 | D:1      | PriceMaster the Octopode Conjurer began the quest for the
                  | Orb.
     0 | D:1      | Reached XP level 1. HP: 11/11 MP: 3/3
   102 | D:1      | Reached XP level 2. HP: 11/17 MP: 5/5
   105 | D:1      | Learned a level 2 spell: Searing Ray
   466 | D:1      | Found a faded altar of an unknown god.
   481 | D:1      | Prayed at the altar of an unknown god.
   481 | D:1      | Became a worshipper of Kikubaaqudgha
   481 | D:1      | Reached * piety under Kikubaaqudgha
   481 | D:1      | Received a gift from Kikubaaqudgha
   659 | D:2      | Identified the +11 sling of Greed {elec, ^Fragile rF+ rN+++
                  | rCorr}
   774 | D:2      | Reached XP level 3. HP: 15/21 MP: 2/6
  1442 | D:3      | Reached skill level 5 in Conjurations
  1499 | D:3      | Reached skill level 1 in Ranged Weapons
  1499 | D:3      | Reached XP level 4. HP: 27/27 MP: 7/7
  1555 | D:3      | Reached skill level 2 in Ranged Weapons
  1555 | D:3      | Reached XP level 5. HP: 32/32 MP: 8/8
  1699 | D:3      | Reached ** piety under Kikubaaqudgha
  2105 | D:4      | Found Buzxaruw's Armour Shoppe.
  2153 | D:4      | You fall into a shaft and drop 1 floor!
  2153 | D:5      | Entered Level 5 of the Dungeon
  2196 | D:5      | Noticed a centaur
  2208 | D:5      | Reached skill level 1 in Fighting
  2211 | D:5      | Killed a centaur
  2212 | D:5      | Reached skill level 3 in Ranged Weapons
  2212 | D:5      | Reached XP level 6. HP: 18/38 MP: 3/9
  2806 | D:5      | Noticed an ice beast
  2809 | D:5      | Reached skill level 4 in Ranged Weapons
  2813 | D:5      | Killed an ice beast
  2814 | D:5      | Reached XP level 7. HP: 32/44 MP: 10/10
  2966 | D:5      | Reached skill level 5 in Ranged Weapons
  3339 | D:6      | Reached skill level 6 in Ranged Weapons
  3339 | D:6      | Reached XP level 8. HP: 50/50 MP: 12/12
  3537 | D:6      | Noticed a yak
  3537 | D:6      | Noticed a yak
  3537 | D:6      | Noticed a yak
  3544 | D:6      | Noticed a yak
  3545 | D:6      | Killed a yak
  3548 | D:6      | Killed a yak
  3556 | D:6      | Killed a yak
  3557 | D:6      | Reached skill level 7 in Ranged Weapons
  3561 | D:6      | Mangled by a yak

Illustrated notes

Levels and vault maps discovered:
D:1:      scummos_arrival_checkerplants, layout_rooms,
          ebering_ecumenical_altar_petrified
D:2:      layout_loops_ring, minivault_19, kennysheep_pointless_box
D:3:      layout_basic, nicolae_elevator_lobby_asterisk
D:4:      wander_river, layout_loops_corners, serial_shops,
          nicolae_shop_statue_plus, nicolae_shop_just_a_little_nook
D:5:      layout_basic
D:6:      layout_loops_ring, mainiacjoe_overflow_paths

Skill      XL: |  1  2  3  4  5  6  7  8 |
---------------+-------------------------+-----
Conjurations   | 5 6 |  6.6
Ranged Weapons | 1 2 3 4 6 7 |  7.1
Stealth        | 3 |  3.4
Fighting       | 1 2 |  2.9
Spellcasting   | 3 |  3.0
Dodging        | |  2.9
Unarmed Combat | |  0.1

Action                     |  1- 3 |  4- 6 |  7- 9 || total
---------------------------+-------+-------+-------++-------
  Melee: Unarmed           |    12 |       |       ||    12
         Constrict         |     4 |       |       ||     4
         Tentacles         |     4 |       |       ||     4
         Spear             |     1 |       |       ||     1
   Fire: Sling             |    33 |    63 |    39 ||   135
   Cast: Magic Dart        |    22 |     6 |     4 ||    32
         Searing Ray       |     3 |     1 |     3 ||     7
 Invoke: Unearth Wretches  |     1 |       |       ||     1
    Use: Potion            |       |     1 |     4 ||     5
         Scroll            |       |       |     1 ||     1
   Stab: Distracted        |     1 |       |       ||     1
         Sleeping          |     1 |       |       ||     1
 Armour: Skin              |     9 |    13 |    30 ||    52
  Dodge: Dodged            |    15 |    28 |    20 ||    63
         Form:             |       |     1 |       ||     1
         Death             |       |     1 |       ||     1

Table legend: (Time is in decaauts)
 A = Elapsed time spent in this place.
 B = Non-inter-level travel time spent in this place.
 C = Inter-level travel time spent in this place.
 D = Time resting spent in this place.
 E = Time spent auto-exploring this place.
 F = Levels seen in this place.
 G = Mean time per level.
                   A        B        C        D        E       F      G
               +--------+--------+--------+--------+--------+-----+--------+
         Total |   3595 |   3506 |     89 |    599 |   2438 |   6 |  599.2 |
       Dungeon |   3595 |   3506 |     89 |    599 |   2438 |   6 |  599.2 |
               +--------+--------+--------+--------+--------+-----+--------+

Top non-repeatable levels by time:
     D:5: 1171 daAuts
     D:2: 793 daAuts
     D:3: 665 daAuts
     D:1: 652 daAuts
     D:6: 248 daAuts
     D:4: 63 daAuts
